 Dungeon Crawl Stone Soup version 0.31.0-11-ge490571c62 (webtiles) character file.

Game seed: 3134086378180638330

239 qw the Shooter (level 5, -2/26 HPs)
             Began as a Spriggan Hunter on Feb 4, 2024.
             Slain by Edmund
             ... wielding a +4 heavy dire flail
              (28 damage)
             ... on level 4 of the Dungeon.
             The game lasted 00:00:09 (2337 turns).

qw the Shooter (Spriggan Hunter)                    Turns: 2337, Time: 00:00:09

Health: -2/26      AC:  2    Str: 13    XL:     5   Next: 79%
Magic:  6/6        EV: 20    Int: 11    God:
Gold:   119        SH:  0    Dex: 20    Spells: 4/4 levels left

rFire   . . .        a - +0 shortbow
rCold   . . .        (shield currently unavailable)
rNeg    . . .        c - +0 robe
rPois   .            (helmet restricted)
rElec   .            (no cloak)
rCorr   .            (gloves unavailable)
SInv    +            (boots unavailable)
Will    .....        (no amulet)
Stlth   ++           g - +6 ring of strength
HPRegen 0.24/turn    (no ring)
MPRegen 0.10/turn

%: no passive effects
@: very quick
A: very small, no large weapons, unfitting armour, see invisible, speed 3
a: no special abilities


You were on level 4 of the Dungeon.
You visited 1 branch of the dungeon, and saw 4 of its levels.

You collected 199 gold pieces.
You spent 80 gold pieces at shops.


Innate Abilities, Weirdness & Mutations

You are very small and have problems with some larger weapons.
You are too small for most types of armour.
You have supernaturally acute eyesight. (SInv)
You cover ground extremely quickly. (Speed+++)


   Skills:
 - Level 2.1 Fighting
 - Level 6.0 Ranged Weapons
 + Level 5.1 Dodging
 - Level 1.5 Stealth


You had 4 spell levels left.
You didn't know any spells.
Your spell library was empty.

Inventory:

Hand Weapons
 a - a +0 shortbow (weapon)
Armour
 c - a +0 robe (worn)
Jewellery
 g - a +6 ring of strength (left hand)
Potions
 d - a potion of cancellation
 e - 6 potions of curing
 h - a potion of haste {unknown}

Dungeon Overview and Level Annotations

Branches:
Dungeon (4/15)
 Temple: D:4-7

Altars:
Ru
Uskayaw

Shops:
D:2 !:*[   D:3 (

Annotations:
D:4 Edmund


Message History

Enter note:
Enter note:
Enter note:
Enter note:
Enter note:
Enter note: Partly explored, can't reach some places.
What level of the Dungeon? (default 3, ? - help)
There is a stone staircase leading down here.
You climb downwards.
There is a stone staircase leading up here.
Waypoint 3 assigned to D:4.
Found a short sword.
Found a book of Fire.
You see here a book of Fire.
Edmund the Younger comes into view.
He is wielding a +4 heavy dire flail and carrying a wand of polymorph.
Found a helmet.
Edmund shouts!
You hear an angry hiss.
You shoot an arrow. The arrow barely misses Edmund.
A ball python comes into view.
You shoot an arrow. The arrow hits the ball python!
You kill the ball python!
You shoot an arrow. The arrow hits Edmund.
Edmund is lightly wounded.
Edmund says, "Everyone always remembers my brother. 'Who's Edmund?' they ask!"
You shoot an arrow. The arrow barely misses Edmund.
Edmund barely misses you.
You shoot an arrow.
The arrow hits Edmund but does no damage.
Edmund is lightly wounded.
You shoot an arrow. The arrow hits Edmund.
Edmund is moderately wounded.
Edmund barely misses you.
You shoot an arrow.
The arrow hits Edmund but does no damage.
Edmund is lightly wounded.
Edmund hits you with a +4 heavy dire flail!!
Ouch! That really hurt!
You die...
Edmund whines, "They better pay attention to me now!"

####### ## ......#
.. ....).### .# #
........#
##%###.##
#.##+#..#
#...[...#
#:#.....#
#.@.....#
#.#..##.# #@#
#.#<....# #.#
#.##############.#
#................#
##################


You could see Edmund.

Vanquished Creatures
  An ogre (D:2)
  A bombardier beetle (D:3)
  An iguana (D:3)
  3 adders
  A dart slug (D:2)
  A ribbon worm (D:3)
  8 ball pythons
  10 endoplasms
  4 giant cockroaches
  4 goblins
  4 hobgoblins
  2 jackals (D:3)
  8 kobolds
  A quokka (D:1)
  7 bats
  3 frilled lizards
  2 rats (D:1)
61 creatures vanquished.

Notes
Turn   | Place    | Note
-------+----------+-------------------------------------------
     0 | D:1      | qw the Spriggan Hunter began the quest for the Orb.
     0 | D:1      | Reached XP level 1. HP: 10/10 MP: 2/2
     0 | D:1      | 0 ||| qw: Version: 0.3-a-160-g6735b56
     0 | D:1      | 0 ||| qw: Game counter: 4584
     0 | D:1      | 0 ||| qw: Melee chars always use a shield: true
     0 | D:1      | 0 ||| qw: God list: Okawaru
     0 | D:1      | 0 ||| qw: Allow faded altars: false
     0 | D:1      | 0 ||| qw: Do Orc after clearing Dungeon:15 true
     0 | D:1      | 0 ||| qw: Do second Lair branch before Depths: true
     0 | D:1      | 0 ||| qw: Lair rune preference: random
     0 | D:1      | 0 ||| qw: Goals: Normal
     0 | D:1      | 0 ||| PLANNING D:1-11
   108 | D:1      | Reached skill level 3 in Dodging
   141 | D:1      | Reached XP level 2. HP: 14/14 MP: 3/3
   503 | D:1      | Reached XP level 3. HP: 18/18 MP: 4/4
   557 | D:1      | 557 ||| READING 2 scrolls labelled AJEVVE ZEAH.
   557 | D:1      | 557 ||| IDENTIFYING murky inky potion
   558 | D:1      | 558 ||| READING scroll of identify.
   558 | D:1      | 558 ||| IDENTIFYING red potion
   559 | D:1      | 559 ||| READING scroll labelled HODIVE ZEEGU.
   560 | D:1      | 560 ||| DROPPING scroll of butterflies.
   753 | D:2      | Found a faded altar of an unknown god.
   804 | D:2      | 804 ||| FLEEEEING.
   805 | D:2      | 805 ||| FLEEEEING.
   806 | D:2      | 806 ||| FLEEEEING.
   807 | D:2      | 807 ||| FLEEEEING.
   808 | D:2      | 808 ||| FLEEEEING.
   809 | D:2      | 809 ||| FLEEEEING.
   810 | D:2      | 810 ||| FLEEEEING.
   811 | D:2      | 811 ||| FLEEEEING.
   812 | D:2      | 812 ||| FLEEEEING.
   813 | D:2      | 813 ||| FLEEEEING.
   814 | D:2      | 814 ||| FLEEEEING.
   815 | D:2      | 815 ||| FLEEEEING.
   816 | D:2      | 816 ||| FLEEEEING.
   817 | D:2      | 817 ||| FLEEEEING.
   818 | D:2      | 818 ||| FLEEEEING.
   819 | D:2      | 819 ||| FLEEEEING.
   820 | D:2      | 820 ||| FLEEEEING.
   821 | D:2      | 821 ||| FLEEEEING.
   911 | D:2      | Found Jocol's Distillery.
   927 | D:2      | 927 ||| SHOPLISTING 2 potions of cancellation (160 gold,
                  | have 76).
   927 | D:2      | 927 ||| BUYING potion of curing (30 gold).
   927 | D:2      | Bought a potion of curing for 30 gold pieces
   927 | D:2      | 927 ||| BUYING potion of curing (30 gold).
   927 | D:2      | Bought a potion of curing for 30 gold pieces
   927 | D:2      | 927 ||| SHOPLISTING potion of curing (30 gold, have 16).
   927 | D:2      | 927 ||| SHOPLISTING potion of might (40 gold, have 16).
   927 | D:2      | 927 ||| SHOPLISTING potion of mutation (80 gold, have 16).
  1087 | D:2      | Found Teypn's Assorted Antiques.
  1095 | D:2      | 1095 ||| SHOPLISTING curved lead wand (92 gold, have 39).
  1095 | D:2      | 1095 ||| BUYING murky yellow potion (20 gold).
  1095 | D:2      | Bought a murky yellow potion for 20 gold pieces
  1095 | D:2      | 1095 ||| SHOPLISTING potion of curing (69 gold, have 19).
  1095 | D:2      | 1095 ||| SHOPLISTING scroll labelled JUELOKKURIE (23 gold,
                  | have 19).
  1113 | D:2      | Found Koostrayj's Book Shop.
  1135 | D:2      | Found Wafudakh's Antique Armour Shoppe.
  1144 | D:2      | 1144 ||| SHOPLISTING faintly glowing troll leather armour
                  | (580 gold, have 30).
  1144 | D:2      | 1144 ||| SHOPLISTING runed hat (203 gold, have 30).
  1144 | D:2      | 1144 ||| SHOPLISTING spiked robe (165 gold, have 30).
  1285 | D:2      | Noticed an ogre
  1293 | D:2      | Killed an ogre
  1294 | D:2      | Reached skill level 5 in Ranged Weapons
  1294 | D:2      | Reached XP level 4. HP: 22/22 MP: 5/5
  1294 | D:2      | Reached XP level 5. HP: 25/25 MP: 6/6
  1335 | D:2      | 1335 ||| READING scroll of identify.
  1335 | D:2      | 1335 ||| IDENTIFYING murky yellow potion
  1336 | D:2      | 1336 ||| DROPPING potion of lignification.
  1868 | D:3      | Found a hide-covered altar of Uskayaw.
  1868 | D:3      | Found a sacrificial altar of Ru.
  1916 | D:3      | HP: 2/25 [iguana (13)]
  1917 | D:3      | 1917 ||| DRINKING 2 potions of heal wounds.
  1921 | D:3      | HP: 3/25 [iguana (7)]
  1922 | D:3      | 1922 ||| DRINKING potion of heal wounds.
  1942 | D:3      | Reached skill level 6 in Ranged Weapons
  2110 | D:3      | Found Dyxtin's Antique Weapon Shop.
  2241 | D:3      | 2241 ||| UPGRADING to +6 ring of strength.
  2242 | D:3      | 2242 ||| READING scroll labelled KUEDWA QULI.
  2330 | D:4      | Noticed Edmund
  2337 | D:4      | Slain by Edmund

Levels and vault maps discovered:
D:1:      heliophobic_arrival_dark_side_of_the_moon, layout_basic
D:2:      layout_basic, shapermc_ecumenical_altar_acropolis, serial_shops, shop,
          shop, shop, shop, hangedman_decor_clover_reticule,
          kennysheep_minor_cross, minmay_circled_x
D:3:      layout_loops_corners, nicolae_overflow_two_pavilions, serial_shops,
          nicolae_shop_back_alley_shop
D:4:      layout_basic, corner_web_ring, hangedman_decor_opposing, uniq_edmund,
          uniq_duvessa, uniq_robin

Skill      XL: |  1  2  3  4  5 |
---------------+----------------+-----
Dodging        | 3 4 5 |  5.1
Ranged Weapons | 5 6 |  6.0
Fighting       | 2 |  2.1
Stealth        | |  1.5

Action                     |  1- 3 |  4- 6 || total
---------------------------+-------+-------++-------
   Fire: Shortbow          |   106 |    68 ||   174
    Use: Scroll            |     3 |     2 ||     5
         Potion            |       |     2 ||     2
 Armour: Robe              |     7 |     7 ||    14
  Dodge: Dodged            |    21 |    14 ||    35

Table legend:
 A = Non-vault XP
 B = Vault XP
 C = Vault XP percentage of total XP
 D = Non-vault monster count
 E = Vault monster count
 F = Vault count percentage of total count
                 A         B        C        D         E       F
            +---------+---------+-------+---------+---------+-------
      Total |     335 |       7 |   2.0 |      57 |       4 |   6.6
            +---------+---------+-------+---------+---------+-------
        D:1 |      41 |       0 |   0.0 |      24 |       0 |   0.0
        D:2 |     156 |       7 |   4.3 |      15 |       4 |  21.1
        D:3 |     136 |       0 |   0.0 |      17 |       0 |   0.0
        D:4 |       2 |       0 |   0.0 |       1 |       0 |   0.0
            +---------+---------+-------+---------+---------+-------
